 Dungeon Crawl Stone Soup version 0.31-a0-348-g810772c3d7 (webtiles) character file.

Game seed: 14701783258445305129

36 Enroth the Changeling (level 3, 0/22 HPs)
             Began as a Felid Shapeshifter on July 23, 2023.
             Slain by a frilled lizard (2 damage)
             ... on level 2 of the Dungeon.
             The game lasted 00:03:22 (1347 turns).

Enroth the Changeling (Felid Shapeshifter)          Turns: 1347, Time: 00:03:23

Health: 0/22       AC: 21    Str: 11    XL:     3   Next: 19%
Magic:  4/4        EV:  4    Int:  9    God:
Gold:   81         SH:  0    Dex: 18    Spells: 2/2 levels left
                                        Lives:  0   Deaths: 0

rFire   . .          .
                       - Unarmed
rCold   . . .        (shield unavailable)
rNeg    . . .        (body armour unavailable)
rPois   +            (helmet unavailable)
rElec   .            (cloak unavailable)
rCorr   .            (gloves unavailable)
SInv    +            (boots unavailable)
Will    .....        (no amulet)
Stlth   ++           (no ring)
HPRegen 0.23/turn    (no ring)
MPRegen 0.09/turn

%: no passive effects
@: lethally poisoned (0 -> -3), tree-form
A: stationary, stasis, torment immunity, boosted hp, very small, (claws 1),
(fangs 3), see invisible, (speed 1), (shaggy fur 1), (stealthy paws), no weapons
or thrown items, no armour, multi-lived
a: no special abilities


You were on level 2 of the Dungeon.
You were a tree.
You visited 1 branch of the dungeon, and saw 2 of its levels.

You collected 81 gold pieces.

Inventory:

Jewellery
 e - a ring of magical power
Talismans
 b - a beast talisman
Scrolls
 c - a scroll of amnesia {unknown}
 d - a scroll of enchant weapon {unknown}
 h - a scroll of teleportation {unknown}
Potions
 f - a potion of mutation {unknown}
 g - a potion of haste {unknown}
 i - a potion of might {unknown}
 j - a potion of attraction {unknown}


   Skills:
 + Level 1.0 Fighting
 * Level 3.1 Dodging
 + Level 0.7 Stealth
 + Level 3.4 Unarmed Combat
 + Level 3.8 Shapeshifting


You had 2 spell levels left.
You didn't know any spells.
Your spell library contained the following spells:

 Spells                   Type           Power      Damage    Failure   Level
 Sandblast                Erth           0%         2d4       38%         1
 Dazzling Flash           Conj/Hex       0%         N/A       77%         3
 Volatile Blastmotes      Fire/Tloc      0%         2d10      77%         3
 Starburst                Conj/Fire      0%         6d3       100%        6
 Maxwell's Capacitive Co  Air            0%         ∞         100%        8


Dungeon Overview and Level Annotations

Branches:
Dungeon (2/15)

Altars:


Innate Abilities, Weirdness & Mutations

You are a tree.
Your roots penetrate the ground, keeping you stationary.
You cannot be teleported.
You are immune to unholy pain and torment.
Your maximum health is greatly increased.
((You have sharp claws.))
((You have razor-sharp teeth.))
You have supernaturally acute eyesight. (SInv)
((You cover ground quickly. (Speed+)))
((You are covered in fur. (AC +1)))
((Your paws help you pounce on unaware monsters.))
You are incapable of wielding weapons or throwing items.
You cannot wear armour.
You gain extra lives every three experience levels.


Message History

You scratch the hobgoblin. You bite the hobgoblin.
You kill the hobgoblin!
No target in view!
Found a stone staircase leading up.
An adder comes into view.
A frilled lizard comes into view.
The frilled lizard hisses angrily.
You barely miss the frilled lizard. Your bite misses the frilled lizard.
The frilled lizard bites you.
You scratch the adder.
The adder is moderately wounded.
The adder barely misses you. The frilled lizard bites you.
You scratch the adder.
The adder is severely wounded.
The adder bites you.
You scratch the adder but do no damage.
The adder is severely wounded.
The adder bites you.
* * * LOW HITPOINT WARNING * * *
You are lethally poisoned!
The adder poisons you!
The frilled lizard completely misses you.
The adder barely misses you.
Really quaff the potion of lignification?
Your transformation has ended.
You turn into a tree.
Your roots penetrate the ground.
* * * LOW HITPOINT WARNING * * *
You feel sick.
The frilled lizard bites you but does no damage.
The adder barely misses you.
You barely miss the adder.
The adder is severely wounded.
* * * LOW HITPOINT WARNING * * *
You feel sick. The frilled lizard barely misses you.
The adder bites you but does no damage.
You smack the adder!
You kill the adder!
* * * LOW HITPOINT WARNING * * *
You feel sick. The frilled lizard bites you.
You die...

############# #.
............## ##.#
#....)......## ##...#
#.#####......# ##.....
#.#####.#....# #......
#.##.....#.#.##
#......
#<##.##..#.#...
#...l###.##.#.........
#†♣................
#................##..
#.###.#.##...#..###..
#. #................ #
#..####..#..###..
..#.# #..#.......
#.##.# #..##.####. #.
... ..# # #. #.


You could see a frilled lizard.

Vanquished Creatures
  2 adders (D:2)
  3 bats
  5 endoplasms
  3 giant cockroaches (D:1)
  A goblin (D:1)
  A hobgoblin (D:2)
  3 quokkas (D:1)
  A frilled lizard (D:1)
  3 kobolds
  2 rats (D:1)
24 creatures vanquished.

Notes
Turn   | Place    | Note
-------+----------+-------------------------------------------
     0 | D:1      | Enroth the Felid Shapeshifter began the quest for the Orb.
     0 | D:1      | Reached XP level 1. HP: 9/9 MP: 2/2
   250 | D:1      | Reached XP level 2. HP: 8/12 MP: 3/3
   550 | D:1      | Found a faded altar of an unknown god.
   553 | D:1      | Got Plato's Tome of the Geologist
  1212 | D:2      | Reached XP level 3. HP: 15/15 MP: 4/4
  1347 | D:2      | Slain by a frilled lizard

Illustrated notes

Levels and vault maps discovered:
D:1:      dpeg_arrival_arbitrary_a, layout_basic,
          shapermc_ecumenical_altar_rom_forum, dk_noncrumbling_3,
          columned_hall_lemuel, roderic_lattice_a, nrook_campfire, fountainhead,
          minivault_23, nrook_mini_backslash, minmay_close_crescents
D:2:      layout_loops_ring, basic_altar, minmay_misc_feat_doors,
          minmay_misc_feat_ornament

Skill      XL: |  1  2 |
---------------+-------+-----
Dodging        | 3 |  3.1
Fighting       | |  1.0
Stealth        | |  0.7
Unarmed Combat | |  3.4
Shapeshifting  | |  3.8

Action                     || total
---------------------------++-------
  Melee: Unarmed           ||    45
         Bite              ||     1
    Use: Potion            ||     1
   Stab: Sleeping          ||     5
 Armour: Skin              ||     3
  Dodge: Dodged            ||    20

Table legend: (Time is in decaauts)
 A = Elapsed time spent in this place.
 B = Non-inter-level travel time spent in this place.
 C = Inter-level travel time spent in this place.
 D = Time resting spent in this place.
 E = Time spent auto-exploring this place.
 F = Levels seen in this place.
 G = Mean time per level.
                   A        B        C        D        E       F      G
               +--------+--------+--------+--------+--------+-----+--------+
         Total |   1110 |   1077 |     33 |      1 |    933 |   2 |  555.0 |
       Dungeon |   1110 |   1077 |     33 |      1 |    933 |   2 |  555.0 |
               +--------+--------+--------+--------+--------+-----+--------+

Top non-repeatable levels by time:
     D:1: 998 daAuts
     D:2: 112 daAuts
